 Dungeon Crawl Stone Soup version 0.30-a0-347-gf58ed5266c (webtiles) character file.

Game seed: 10857560302616309472

37 purpskrrrp the Magician (level 3, -3/25 HPs)
             Began as a Djinni Earth Elementalist on Nov 5, 2022.
             Slain by a worm (9 damage)
             ... on level 2 of the Dungeon.
             The game lasted 00:04:45 (1478 turns).

purpskrrrp the Magician (Djinni Earth Elementalist) Turns: 1478, Time: 00:04:46

Health: -3/25      AC:  2    Str:  7    XL:     3   Next: 62%
Gold:   27         EV: 12    Int: 18    God:
                   SH:  0    Dex: 13

rFire   + . .      SeeInvis .    (no weapon)
rCold   . . .      Faith    .    (no shield)
rNeg    . . .      Spirit   .    a - +0 robe
rPois   ∞          Reflect  .    (no helmet)
rElec   .          Harm     .    (no cloak)
rCorr   .          Rampage  .    (no gloves)
Will    +....                    (boots unavailable)
Stlth   ++........               g - amulet of the acrobat
HPRegen 0.24/turn                j - ring of willpower
MPRegen 0.00/turn                f - ring of ice

@: flying
A: sickness immunity, fire resistance 2, cold vulnerability 1, float, innate
caster, HP casting, extra vitality 1
a: no special abilities


You were on level 2 of the Dungeon.
You visited 1 branch of the dungeon, and saw 2 of its levels.

You collected 52 gold pieces.
You spent 25 gold pieces at shops.

Inventory:

Armour
 a - a +0 robe (worn)
Jewellery
 f - a ring of ice (right hand)
 g - an amulet of the acrobat (around neck)
 j - a ring of willpower (left hand)
Scrolls
 c - a scroll of immolation {unknown}
Potions
 b - a potion of might
 d - a potion of curing {unknown}
 i - a potion of haste {unknown}


   Skills:
 - Level 2.1 Dodging
 - Level 1.5 Stealth
 + Level 3.4 Spellcasting


You couldn't memorise any spells.
You knew the following spells:

 Your Spells              Type           Power      Damage    Failure   Level
a - Sandblast             Erth           30%        2d9       3%          1
b - Passwall              Tmut/Erth      12%        N/A       6%          2
c - Stone Arrow           Conj/Erth      30%        3d8       12%         3
d - Petrify               Tmut/Erth      15%        N/A       36%         4
e - Beastly Appendage     Tmut           30%        N/A       3%          1
Your spell library was empty.

Dungeon Overview and Level Annotations

Branches:
Dungeon (2/15)

Altars:

Shops:
D:1 [*(


Innate Abilities, Weirdness & Mutations

You are immune to sickness and miasma.
You are immune to poison.
Your flesh is very heat resistant. (rF++)
You are vulnerable to cold. (rC-)
You float through the air rather than walking.
You learn spells naturally, not from books.
Your magical power is your life essence.
You have superior vitality. (+4 MHP)


Message History

The bat barely misses you.
You closely miss the bat.
The bat is severely wounded.
The bat barely misses you.
You hit the bat but do no damage.
The bat is severely wounded.
The bat hits you. The bat hits you but does no damage.
You hit the bat.
You kill the bat!
There is an open door here.
There is an open door here.
A worm comes into view.
You hit the worm.
The worm is lightly wounded.
You hit the worm.
The worm is lightly wounded.
The worm bites you but does no damage.
You barely miss the worm.
The worm is lightly wounded.
The worm misses you.
You barely miss the worm. You barely miss the worm. The worm bites you!
You hit the worm but do no damage. You hit the worm.
The worm is lightly wounded.
The worm bites you!
* * * LOW HITPOINT WARNING * * *
You completely miss the worm. The worm bites you but does no damage.
You hit the worm.
The worm is lightly wounded.
Casting: Sandblast (safe; 3% risk of failure)
Confirm with . or Enter, or press ? or * to list all spells.
Aiming: Sandblast (safe; 3% risk of failure)
Press: ? - help, Shift-Dir - straight line, f - worm
Aim: a worm (lightly wounded, 94% to hit)
The blast of sand hits the worm!
The worm is severely wounded.
* * * LOW HITPOINT WARNING * * *
The worm bites you!
You die...

## ######.#...# #........#
#.# .# .......#...#
#.#......####.# .#
....)......# #........'....#
.# .......(..?#
#........###### .#
...........# #........##. .#
...........##...########.###
.# .......[#####.#.
........<# .#
#######.#####.#. .........#
.######...##....@w.#
..........
......'...'..>.#####
.........# .....##...######
........## .....##...# #####
........'. .....###### #...#
........## .....# #...#
######### .##### #...#
.############...####
................'..#


You could see a worm.

Vanquished Creatures
  An adder (D:2)
  2 endoplasms (D:1)
  6 goblins
  A hobgoblin (D:1)
  4 jackals (D:2)
  A quokka (D:1)
  2 ball pythons (D:1)
  3 bats (D:2)
  3 kobolds
  2 rats (D:1)
25 creatures vanquished.

Notes
Turn   | Place    | Note
-------+----------+-------------------------------------------
     0 | D:1      | purpskrrrp the Djinni Earth Elementalist began the quest
                  | for the Orb.
     0 | D:1      | purpskrrrp set off with the following spells memorised:
                  | Sandblast, Passwall, Stone Arrow, Petrify.
     0 | D:1      | Reached XP level 1. HP: 15/15 MP: 0/0
   324 | D:1      | Found Qiuf's Assorted Antiques.
   347 | D:1      | Found Labobb's Antique Weapon Emporium.
   546 | D:1      | Reached XP level 2. HP: 19/21 MP: 0/0
   713 | D:1      | Found Dinuosif's Antique Armour Shoppe.
   840 | D:1      | Reached skill level 3 in Spellcasting
   952 | D:1      | Bought a scroll labelled RENEOR LAPHUUCW for 25 gold pieces
  1084 | D:2      | Reached XP level 3. HP: 15/25 MP: 0/0
  1084 | D:2      | Learned a level 1 spell: Beastly Appendage
  1478 | D:2      | Slain by a worm

Illustrated notes

Levels and vault maps discovered:
D:1:      dpeg_chamrin_arrival_tetris, layout_basic, serial_shops, shop,
          nicolae_diamond_shop, nicolae_shop_trees
D:2:      layout_basic, kennysheep_nub, uniq_sigmund

Skill      XL: |  1  2 |
---------------+-------+-----
Spellcasting   | 3 |  3.4
Dodging        | |  2.1
Stealth        | |  1.5

Action                   || total
-------------------------++-------
Melee: Unarmed           ||    70
 Cast: Sandblast         ||    33
  Use: Scroll            ||     5
 Stab: Sleeping          ||     1
Armor: Robe              ||    23
Dodge: Dodged            ||    83

Table legend: (Time is in decaauts)
 A = Elapsed time spent in this place.
 B = Non-inter-level travel time spent in this place.
 C = Inter-level travel time spent in this place.
 D = Time resting spent in this place.
 E = Time spent auto-exploring this place.
 F = Levels seen in this place.
 G = Mean time per level.
                   A        B        C        D        E       F      G
               +--------+--------+--------+--------+--------+-----+--------+
         Total |   1492 |   1340 |    152 |    179 |    897 |   2 |  746.0 |
       Dungeon |   1492 |   1340 |    152 |    179 |    897 |   2 |  746.0 |
               +--------+--------+--------+--------+--------+-----+--------+

Top non-repeatable levels by time:
     D:1: 1017 daAuts
     D:2: 475 daAuts
